Map: Dusty Gorge

Players

Ratl - Winner!

  • Race: Protoss Protoss
  • League: Silver
  • Spawn Location: 9:00

Chacal - Winner!

  • Race: Protoss Protoss
  • Spawn Location: 11:00

VOD

Have the link to the VOD?

Description

Time

  • Played on: Jan. 12, 2020, 3:14 p.m.
  • Length: 15:10
Show
View Real Time Build Order
Export as new Build Order

Ratl Protoss - Winner!

Build Orders:  

Get SALT Encoding   

  12  0:04  Probe (Chrono Boost)  
  14  0:21  Probe (Chrono Boost)  
  14  0:37  Pylon  
  14  0:40  Probe (Chrono Boost)  
  15  0:52  Assimilator  
  15  0:59  Probe (Chrono Boost)  
  15  1:09  Gateway  
  16  1:16  Probe (Chrono Boost)  
  17  1:33  Probe (Chrono Boost)  
  17  1:35  Gateway  
  18  1:47  Assimilator  
  19  1:50  Probe (Chrono Boost)  
  19  2:07  Probe (Chrono Boost)  
  20  2:16  Cybernetics Core  
  20  2:24  Probe (Chrono Boost)  
  20  2:29  Pylon  
  22  2:41  Probe (Chrono Boost)  
  22  2:58  Probe (Chrono Boost)  
  23  3:16  Probe (Chrono Boost)  
  23  3:17  Stalker  
  23  3:18  Stalker  
  28  3:33  Probe (Chrono Boost)  
  29  3:53  Nexus  
  30  4:00  Probe (Chrono Boost)  
  30  4:19  Probe (Chrono Boost)  
  31  4:30  Warp Gate (Chrono Boost)  
  31  4:49  Pylon  
  31  5:14  Probe, Stalker x2  
  36  5:24  Pylon  
  36  5:32  Probe (Chrono Boost)  
  36  5:34  Probe (Chrono Boost)  
  38  5:45  Probe (Chrono Boost)  
  38  5:46  Probe (Chrono Boost)  
  38  5:48  Pylon  
  39  5:52  Robotics Facility  
  39  5:57  Probe (Chrono Boost)  
  40  6:00  Probe (Chrono Boost)  
  40  6:08  Stalker x2  
  46  6:10  Probe (Chrono Boost)  
  47  6:45  Gateway  
  47  6:46  Gateway, Stalker  
  47  6:49  Gateway  
  49  6:51  Assimilator  
  49  6:52  Stalker  
  49  6:56  Observer  
  49  6:58  Assimilator  
  51  7:09  Probe (Chrono Boost)  
  52  7:13  Probe (Chrono Boost)  
  52  7:16  Warp Prism  
  54  7:21  Probe (Chrono Boost)  
  58  7:30  Probe (Chrono Boost)  
  58  7:45  Stalker x2  
  58  7:46  Shield Battery  
  58  7:47  Probe (Chrono Boost)  
  63  8:06  Observer  
  63  8:09  Probe (Chrono Boost)  
  50  8:10  Probe (Chrono Boost)  
  66  8:17  Stalker x2  
  70  9:03  Nexus  
  70  9:07  Assimilator  
  70  9:13  Assimilator  
  70  9:17  Pylon  
  70  9:21  Pylon  
  70  9:25  Pylon  
  70  9:29  Twilight Council  
  70  9:32  Robotics Bay  
  70  9:41  Pylon  
  70  9:45  Probe x2 (Chrono Boost)  
  70  9:46  Pylon  
  72  9:51  Immortal  
  78  10:02  Probe x2 (Chrono Boost)  
  78  10:19  Probe x2 (Chrono Boost)  
  80  10:35  Probe (Chrono Boost)  
  80  10:36  Probe (Chrono Boost)  
  82  10:52  Probe x2 (Chrono Boost)  
  84  11:04  Probe (Chrono Boost)  
  84  11:07  Probe (Chrono Boost)  
  84  11:09  Probe (Chrono Boost)  
  87  11:16  Probe (Chrono Boost)  
  88  11:25  Probe (Chrono Boost)  
  88  11:26  Probe (Chrono Boost)  
  90  11:47  Zealot x5  
  100  12:00  Gateway  
  100  12:02  Gateway  
  100  12:05  Gateway, Pylon  
  100  12:10  Pylon, Forge  
  100  12:23  Probe x3 (Chrono Boost)  
  103  12:30  Stalker x3  
  103  12:31  Stalker x2  
  116  12:40  Probe x3 (Chrono Boost)  
  116  12:57  Probe (Chrono Boost)  
  117  13:07  Probe (Chrono Boost)  
  117  13:08  Probe (Chrono Boost)  
  119  13:14  Probe (Chrono Boost)  
  119  13:15  Stalker x2  
  119  13:16  Stalker x3  
  130  13:24  Probe (Chrono Boost)  
  129  14:18  Stalker x4  
  129  14:19  Stalker x3  
Show
View Real Time Build Order
Export as new Build Order

Chacal Protoss - Winner!

Build Orders:  

Get SALT Encoding   

  12  0:07  Probe (Chrono Boost)  
  13  0:31  Pylon  
  13  0:46  Probe (Chrono Boost)  
  14  1:01  Gateway  
  14  1:11  Forge  
  15  1:32  Probe (Chrono Boost), Assimilator  
  15  1:49  Probe (Chrono Boost)  
  16  2:06  Probe (Chrono Boost)  
  16  2:07  Assimilator  
  17  2:23  Probe (Chrono Boost)  
  19  2:40  Probe (Chrono Boost)  
  19  2:57  Probe (Chrono Boost)  
  20  3:09  Nexus  
  20  3:14  Probe (Chrono Boost)  
  22  3:30  Probe (Chrono Boost)  
  22  3:31  Pylon  
  22  3:47  Probe (Chrono Boost)  
  22  3:49  Pylon  
  23  4:14  Pylon  
  23  4:22  Probe (Chrono Boost)  
  23  4:27  Zealot  
  26  4:39  Probe (Chrono Boost)  
  27  4:52  Assimilator  
  27  4:56  Probe (Chrono Boost)  
  27  4:57  Assimilator  
  28  5:05  Zealot  
  30  5:13  Probe (Chrono Boost)  
  32  5:30  Probe (Chrono Boost)  
  32  5:43  Zealot  
  34  6:15  Cybernetics Core  
  35  6:51  Probe (Chrono Boost)  
  35  7:08  Probe (Chrono Boost)  
  36  7:25  Probe (Chrono Boost)  
  36  7:28  Protoss Air Weapons Level 1  
  37  7:42  Probe (Chrono Boost)  
  37  7:45  Twilight Council  
  37  7:48  Stargate  
  38  7:54  Robotics Facility  
  38  7:59  Probe (Chrono Boost)  
  39  8:01  Photon Cannon  
  39  8:50  Phoenix  
  41  9:09  Observer  
  42  9:27  Oracle  
  45  9:39  Warp Prism  
  47  9:43  Probe (Chrono Boost)  
  49  10:00  Probe (Chrono Boost), Charge  
  49  10:17  Probe (Chrono Boost)  
  50  10:28  Protoss Air Armor Level 1  
  50  10:34  Probe (Chrono Boost)  
  51  10:47  Phoenix  
  54  10:51  Probe (Chrono Boost)  
  54  10:52  Observer  
  55  11:22  Warp Prism  
  55  11:24  Oracle  
  56  12:12  Immortal  
  56  12:14  Void Ray  
  61  12:50  Blink  
  61  13:07  Warp Prism  
  60  13:10  Zealot  
Tags
 
League
Silver
Matchup
Co-op
Add a new tag
Caveats
  • Supply blocks, unpowered buildings, or Contaminate may cause inaccurate times.
  • Supply counts are checked every 10 seconds.